 Dungeon Crawl Stone Soup version 0.24-a0-592-g9a1d66b0e3 (webtiles) character file.

Game seed: 3303774766504284253, levelgen mode: deterministic

185 ChadusMaximus the Poker (level 5, 0/48 HPs)
             Began as a Minotaur Berserker on Sept 9, 2019.
             Was a Believer of Trog.
             Killed by divine providence
             ... invoked by an orc priest
              (13 damage)
             ... on level 3 of the Dungeon.
             The game lasted 00:21:45 (2430 turns).

ChadusMaximus the Poker (Minotaur Berserker)        Turns: 2430, Time: 00:21:46

Health: 0/48       AC:  3    Str: 23    XL:     5   Next: 37%
Magic:  4/4        EV: 12    Int:  4    God:    Trog [**....]
Gold:   81         SH:  0    Dex:  9    Spells: 4/4 levels left

rFire    . . .     SeeInvis .   D - +0 halberd
rCold    . . .     Gourm    .   (shield currently unavailable)
rNeg     . . .     Faith    .   g - +0 leather armour
rPois    .         Spirit   .   (helmet restricted)
rElec    .         Reflect  .   (no cloak)
rCorr    .         Harm     .   (no gloves)
MR       .....                  (no boots)
Stlth    +.........             (no amulet)
HPRegen  0.16/turn              (no ring)
MPRegen  0.09/turn              (no ring)

@: no status effects
A: retaliatory headbutt, horns 2
a: Berserk, Trog's Hand, Renounce Religion


You were on level 3 of the Dungeon.
You worshipped Trog.
Trog was pleased with you.
You were not hungry.

You visited 1 branch of the dungeon, and saw 3 of its levels.

You collected 81 gold pieces.

Inventory:

Hand Weapons
 a - a +0 spear
 h - a +0 hand axe
 j - a +0 dagger
 l - a +0 dagger
 n - a +0 club
 o - a +0 club
 p - a +0 club
 r - a +0 spear
 u - a +0 dagger
 v - a +0 dagger
 z - a +0 club
 A - a +0 dagger
 C - a +0 whip
 D - a +0 halberd (weapon)
 E - a +0 spear
Missiles
 w - 15 arrows
 x - 25 stones (quivered)
 B - 2 javelins
 H - 18 bolts
Armour
 b - a +0 animal skin
 g - a +0 leather armour (worn)
 q - a +0 robe
 G - a +0 robe
Scrolls
 e - a scroll of blinking {unknown}
 k - 2 scrolls of teleportation {unknown}
 m - a scroll of identify {unknown}
 s - a scroll of immolation {unknown}
 t - a scroll of remove curse {unknown}
 y - 2 scrolls of amnesia {unknown}
 F - a scroll of enchant armour {unknown}
Potions
 d - a potion of flight {unknown}
 f - a potion of cancellation {unknown}
 i - a potion of heal wounds {unknown}
Comestibles
 c - 2 rations


   Skills:
 + Level 5.1 Fighting
 + Level 5.5 Polearms
 + Level 3.2 Armour
 + Level 3.0 Dodging


You had 4 spell levels left.
You didn't know any spells.
Your spell library contained the following spells:

 Spells                   Type           Power        Failure   Level  Hunger
 Corona                   Hex            #......      54%         1    ##.....
 Ensorcelled Hibernation  Hex/Ice        #.....       69%         2    ###....
 Confuse                  Hex            #.......     89%         3    ####...
 Dazzling Spray           Conj/Hex       #.....       89%         3    ####...
 Tukima's Dance           Hex            #.......     89%         3    ####...


Dungeon Overview and Level Annotations

Branches:
Dungeon (3/15)

Altars:
Kikubaaqudgha


Innate Abilities, Weirdness & Mutations

You reflexively headbutt those who attack you in melee.
You have a pair of horns on your head.


Message History

The orc priest is lightly wounded.
The orc priest hits you with a +0 club. The orc barely misses you.
You furiously retaliate!
You headbutt the orc.
The orc priest calls upon Beogh to heal the orc.
The orc's wounds heal themselves!
You barely miss the orc priest. You headbutt the orc priest.
The orc priest is moderately wounded.
The orc misses you. The orc priest hits you with a +0 club!
You barely miss the orc priest.
The orc priest is moderately wounded.
The orc hits you but does no damage.
The orc priest calls down the wrath of Beogh upon you.
Beogh smites you!
* * * LOW HITPOINT WARNING * * *
The orc barely misses you. The orc priest hits you with a +0 club.
* * * LOW HITPOINT WARNING * * *
The orc priest calls down the wrath of Beogh upon you.
Beogh smites you!
You die...

# ######.# ###.......
####@.......
#..ooo..###. .## #..
#.......# ... ..#
#.%.....# #.# #.#
#.......######.# #.#
####...........####.#
#.#.#####...#.....
#.#'#####...#.....
............#.....


You could see an orc priest and 2 orcs.

Vanquished Creatures
  A killer bee zombie (D:3)
  4 adders (D:2)
  4 gnolls (D:3)
  3 oozes (D:2)
  A worm (D:3)
  2 dart slugs (D:2)
  4 leopard geckos
  An orc (D:2)
  6 bats
  6 giant cockroaches
  6 goblins
  5 hobgoblins
  4 jackals (D:3)
  A frilled lizard (D:1)
  7 kobolds
  12 rats
67 creatures vanquished.

Vanquished Creatures (others)
  A human (D:2)
1 creature vanquished.

Grand Total: 68 creatures vanquished

Notes
Turn   | Place    | Note
-------+----------+-------------------------------------------
     0 | D:1      | ChadusMaximus the Minotaur Berserker began the quest for
                  | the Orb.
     0 | D:1      | Reached XP level 1. HP: 19/19 MP: 0/0
   273 | D:1      | Reached XP level 2. HP: 27/27 MP: 1/1
   502 | D:2      | Found an ancient bone altar of Kikubaaqudgha.
   503 | D:2      | Noticed a human
   505 | D:2      | Killed a human
   817 | D:2      | Reached XP level 3. HP: 30/33 MP: 2/2
  1006 | D:2      | Reached ** piety under Trog
  1230 | D:2      | Reached XP level 4. HP: 41/41 MP: 3/3
  1819 | D:3      | Reached skill level 5 in Polearms
  1822 | D:3      | Reached skill level 5 in Fighting
  1834 | D:3      | Reached XP level 5. HP: 12/48 MP: 4/4
  2430 | D:3      | Killed from afar by an orc priest

Levels and vault maps discovered:
D:1:      mrwooster_arrival_arrow, layout_loops_ring, minmay_misc_feat_x
D:2:      minmay_diamond_boxcup, layout_basic, tgw_kikubaaqudgha
D:3:      layout_basic

Skill      XL: |  1  2  3  4 |
---------------+-------------+-----
Polearms       | 4 5 |  5.5
Fighting       | 4 5 |  5.1
Armour         | 3 |  3.2
Dodging        | 3 |  3.0

Action                   |  1- 3 |  4- 6 || total
-------------------------+-------+-------++-------
Melee: Spear             |    72 |    53 ||   125
       Headbutt          |    10 |    13 ||    23
       Halberd           |       |    18 ||    18
Throw: Stone             |       |     3 ||     3
  Eat: Chunk             |     1 |     4 ||     5
Armor: Animal skin       |     5 |       ||     5
       Leather armour    |    10 |    17 ||    27
Dodge: Dodged            |    40 |    44 ||    84

Table legend:
 A = Non-vault XP
 B = Vault XP
 C = Vault XP percentage of total XP
 D = Non-vault monster count
 E = Vault monster count
 F = Vault count percentage of total count
                 A         B        C        D         E       F
            +---------+---------+-------+---------+---------+-------
      Total |     232 |      33 |  12.5 |      59 |       8 |  11.9
            +---------+---------+-------+---------+---------+-------
        D:1 |      21 |       0 |   0.0 |      13 |       0 |   0.0
        D:2 |     102 |      33 |  24.4 |      29 |       8 |  21.6
        D:3 |     109 |       0 |   0.0 |      17 |       0 |   0.0
            +---------+---------+-------+---------+---------+-------
